 Dungeon Crawl Stone Soup version 0.30.1-3-gfc49f6343a (webtiles) character file.

Game seed: 1514024345758009446

1936 cdecastro the Summoner (level 9, -6/57 HPs)
             Began as a Merfolk Summoner on Aug 1, 2023.
             Killed from afar by a steam dragon (12 damage)
             ... with a ball of steam
             ... on level 6 of the Dungeon on Aug 2, 2023.
             The game lasted 00:19:32 (6937 turns).

cdecastro the Summoner (Merfolk Summoner)           Turns: 6937, Time: 00:19:33

Health: -6/57      AC: 10    Str: 10    XL:     9   Next: 17%
Magic:  7/12       EV: 18    Int: 19    God:
Gold:   456        SH:  0    Dex: 20    Spells: 3/12 levels left

rFire   . . .        a - +1 whip (elec)
rCold   . . .        (no shield)
rNeg    . . .        C - +2 robe {Will+}
rPois   .            d - +0 helmet
rElec   .            (no cloak)
rCorr   .            f - +1 pair of gloves
SInv    .            o - +2 pair of boots of Conscience {Str+2}
Will    +....        (no amulet)
Stlth   ++           I - +6 ring of dexterity
HPRegen 0.29/turn    A - +5 ring of evasion
MPRegen 0.13/turn

%: no passive effects
@: no status effects
A: (nimble swimmer 2), mertail
a: no special abilities


You were on level 6 of the Dungeon.
You visited 1 branch of the dungeon, and saw 6 of its levels.
You also visited: Ossuary.

You collected 456 gold pieces.

Inventory:

Hand Weapons
 a - a +1 whip of electrocution (weapon)
 b - a +2 sling of freezing
 y - a +0 dagger
Missiles
 L - 4 curare-tipped darts
Armour
 d - a +0 helmet (worn)
 f - a +1 pair of gloves (worn)
 o - the +2 pair of boots of Conscience (worn) {Str+2}
   (You acquired it in an ossuary)

   Str:       It affects your strength (+2).
 C - a +2 robe of willpower (worn)
 H - a +0 pair of boots of flying
Magical Staves
 k - a staff of air
Jewellery
 r - a +6 ring of strength
 A - a +5 ring of evasion (right hand)
 B - a ring of willpower
 D - an amulet of faith
 I - a +6 ring of dexterity (left hand)
 J - a ring of positive energy
 K - an amulet of the acrobat
Wands
 p - a wand of paralysis (12)
 s - a wand of quicksilver (3)
Scrolls
 c - 3 scrolls of teleportation {unknown}
 e - 2 scrolls of enchant weapon {unknown}
 l - a scroll of fear {unknown}
 m - 3 scrolls of acquirement
 q - 5 scrolls of blinking
 v - 3 scrolls of enchant armour
 E - 2 scrolls of vulnerability {unknown}
 G - a scroll of identify
Potions
 g - 3 potions of heal wounds
 h - a potion of mutation {unknown}
 i - 2 potions of berserk rage
 j - 4 potions of brilliance
 n - 7 potions of curing
 t - 2 potions of flight
 u - 5 potions of lignification
 w - 2 potions of haste {unknown}
 x - a potion of magic
 z - 3 potions of attraction {unknown}
 F - a potion of cancellation {unknown}
 M - a potion of invisibility {unknown}


   Skills:
 - Level 2.6 Dodging
 - Level 2.1 Stealth
 - Level 2.0 Spellcasting
 + Level 12.3 Summonings


You had 3 spell levels left.
You knew the following spells:

 Your Spells              Type           Power      Damage    Failure   Level
a - Summon Small Mammal   Summ           100%       N/A       1%          1
b - Call Imp              Summ           96%        N/A       1%          2
c - Call Canine Familiar  Summ           48%        N/A       1%          3
d - Summon Guardian Gole  Hex/Summ       25%        N/A       4%          3

Your spell library contained the following spells:

 Spells                   Type           Power      Damage    Failure   Level
 Summon Lightning Spire   Summ/Air       25%        N/A       14%         4


Dungeon Overview and Level Annotations

Branches:
Dungeon (6/15)            Ossuary (visited)
 Temple: D:4-7

Altars:
Cheibriados
Fedhas
Gozag


Innate Abilities, Weirdness & Mutations

((You are very nimble when in or above water. (Stealth+, EV+, Speed+++)))
Your lower body shifts to a powerful aquatic tail in water.


Message History

Casting: Summon Guardian Golem (dangerous; 4% risk of failure)
Confirm with . or Enter, or press ? or * to list all spells.
The steam dragon bites your guardian golem but does no damage.
The steam dragon claws your guardian golem.
Unknown command.
The steam dragon bites your guardian golem.
The steam dragon claws your guardian golem but does no damage.
Unknown command.
Your wolf barely misses the steam dragon.
Your wolf closely misses the steam dragon.
The steam dragon bites your guardian golem.
The steam dragon claws your guardian golem.
Your guardian golem overheats!
Unknown command.
Your wolf bites the steam dragon.
The steam dragon breathes steam at you.
The ball of steam hits your guardian golem.
Your guardian golem resists.
Flame seeps out of your guardian golem. The ball of steam hits you!
Unknown command.
You are engulfed in a cloud of scalding steam.
Flame seeps out of your guardian golem.
Unknown command.
You are engulfed in a cloud of scalding steam.
Your wolf is engulfed in a cloud of scalding steam.
Flame seeps out of your guardian golem.
Unknown command.
You are engulfed in a cloud of scalding steam.
Your wolf is engulfed in a cloud of scalding steam.
Your guardian golem disappears in a puff of smoke!
Your guardian golem explodes!
The fiery explosion engulfs you!!
Ouch! That really hurt!
* * * LOW HITPOINT WARNING * * *
The fiery explosion engulfs your wolf!!
Your wolf dies!
Your wolf's corpse disappears in a puff of smoke!
The steam dragon breathes steam at you. The ball of steam hits you!
You die...

#.#.#.#.#.#..........~...........
...........###......~.≈≈~#######~
#.#.#.#.#.####..#...~..###..##.##
###..###........#.######....##.#
.....# #######....##.# #....##.##
###..# ###.###.##.###.........
#..# ###≈#.# #.D§...........##
#..# ##≈≈≈#.###§###D#........#.
##..###≈≈###...@.# #.#.###.####.
##..<..#≈≈#.##.#### #D#.# #....≈≈
#.#.##[.≈≈~.##.# ##.#.# #######
##.####.≈≈..##.## #..#.# #.#
#.~~~......## #.##.### #.#
#..~~.~..#..###......# #.#
#.~~....###≈..#..#.#.#
##.###~.≈~..~.#.≈..#....<.#
.....#.~~≈~~~...≈...#.#.#.#


You could see a steam dragon (catching breath).

Vanquished Creatures
  Edmund (D:5)
  3 scorpions
  A water moccasin zombie (Ossuary)
  A howler monkey (D:3)
  An iguana (D:5)
  A gnoll bouda (D:3)
  A sleepcap (D:6)
  2 mummies (Ossuary)
  A gnoll (D:4)
  2 adder zombies (Ossuary)
  2 dart slugs
  An orc (D:3)
  A bat (D:1)
  5 endoplasms
  3 giant cockroaches (D:1)
  A goblin (D:4)
  A jackal (D:1)
  4 ball pythons
  A frilled lizard (D:2)
  3 gnoll zombies (Ossuary)
  2 hobgoblin zombies (Ossuary)
  4 kobolds
  A kobold zombie (Ossuary)
  2 orc zombies (Ossuary)
  3 rats
48 creatures vanquished.

Vanquished Creatures (collateral kills)
  Sigmund (D:5)
  A sky beast (D:6)
  An ice beast (D:6)
  A bullfrog (D:6)
  2 scorpions (D:6)
  3 water moccasin zombies (Ossuary)
  3 jellies (D:5)
  An orc priest (D:5)
  2 hounds
  2 iguanas (D:6)
  An orc wizard (D:6)
  A sleepcap (D:5)
  5 gnolls
  6 adders
  A white imp (D:6)
  4 adder zombies (Ossuary)
  11 dart slugs
  5 orcs
  A ball python (D:4)
  5 endoplasms
  2 giant cockroaches (D:2)
  2 gnoll zombies (Ossuary)
  6 goblins
  4 hobgoblins
  2 jackals (D:1)
  2 kobolds
  2 quokkas
  6 bats
  3 frilled lizards
  4 hobgoblin zombies (Ossuary)
  2 kobold zombies (Ossuary)
  6 orc zombies (Ossuary)
  5 rats
103 creatures vanquished.

Vanquished Creatures (others)
  A water moccasin (D:6)
  An ice beast (D:6)
2 creatures vanquished.

Grand Total: 153 creatures vanquished

Notes
Turn   | Place    | Note
-------+----------+-------------------------------------------
     0 | D:1      | cdecastro the Merfolk Summoner began the quest for the Orb.
     0 | D:1      | Reached XP level 1. HP: 13/13 MP: 3/3
   305 | D:1      | Reached XP level 2. HP: 19/19 MP: 5/5
   693 | D:1      | Reached XP level 3. HP: 21/24 MP: 3/6
   696 | D:1      | Learned a level 2 spell: Call Imp
   700 | D:1      | Learned a level 3 spell: Call Canine Familiar
  1017 | D:1      | Reached skill level 5 in Summonings
  1497 | D:2      | Found a faded altar of an unknown god.
  1955 | D:2      | Reached XP level 4. HP: 29/30 MP: 3/7
  3477 | D:4      | Found a snail-covered altar of Cheibriados.
  3550 | D:4      | Reached skill level 6 in Summonings
  3560 | D:3      | Reached XP level 5. HP: 35/35 MP: 3/8
  3745 | D:4      | Reached skill level 7 in Summonings
  3745 | D:4      | Reached XP level 6. HP: 28/41 MP: 2/9
  4244 | D:5      | Entered Level 5 of the Dungeon
  4459 | D:5      | Found a sand-covered staircase.
  4473 | D:5      | Learned a level 3 spell: Summon Guardian Golem
  4474 | Ossuary  | Entered an ossuary
  4521 | Ossuary  | Reached skill level 8 in Summonings
  4521 | Ossuary  | Reached XP level 7. HP: 45/46 MP: 10/10
  4735 | Ossuary  | Reached skill level 9 in Summonings
  4786 | Ossuary  | Identified 4 scrolls of acquirement
  4786 | Ossuary  | Acquired the +2 pair of boots of Conscience {Str+2}
  4879 | D:5      | Noticed Sigmund
  4900 | D:5      | Killed Sigmund
  4966 | D:5      | Noticed Edmund
  4984 | D:5      | Killed Edmund
  4985 | D:5      | Reached skill level 10 in Summonings
  4985 | D:5      | Reached XP level 8. HP: 30/52 MP: 4/11
  5299 | D:5      | Identified the +3 chain mail of the Grand God {rC+ Int+2}
  5905 | D:6      | Reached skill level 11 in Summonings
  6080 | D:6      | Reached XP level 9. HP: 57/57 MP: 12/12
  6437 | D:6      | Reached skill level 12 in Summonings
  6451 | D:6      | Found a blossoming altar of Fedhas.
  6789 | D:6      | Found an opulent altar of Gozag.
  6937 | D:6      | Killed from afar by a steam dragon

Illustrated notes

Levels and vault maps discovered:
D:1:      elethiomel_arrival_maze, layout_basic, kennysheep_small_spiral,
          minmay_pentomino_w2
D:2:      layout_rooms, chequers_ecumenical_altar_simple, minivault_11,
          skrybe_limestone_x, minmay_fractal_squares_5
D:3:      layout_basic, patterned_corridor
D:4:      layout_rooms, cheibriados_altar_1
D:5:      kennysheep_slugbush, layout_cave_pods, nicolae_ossuary_entry_ruins,
          sigmund_edmund_badplayer, uniq_crazy_yiuf_cottage
D:6:      kennysheep_steamy, layout_loops_ring, kennysheep_mini,
          mainiacjoe_overflow_surrounded_room, serial_rivers,
          chequers_serial_rivers_small_b, chequers_serial_rivers_micro_e,
          chequers_serial_rivers_micro_e, chequers_serial_rivers_micro_e,
          chequers_serial_rivers_small_3, st_stairs_11

Skill      XL: |  1  2  3  4  5  6  7  8  9 |
---------------+----------------------------+-----
Summonings     | 5 6 7 8 10 11 12 | 12.3
Dodging        | |  2.6
Stealth        | |  2.1
Spellcasting   | |  2.0

Action                     |  1- 3 |  4- 6 |  7- 9 || total
---------------------------+-------+-------+-------++-------
  Melee: Dagger            |    82 |    19 |       ||   101
         Unarmed           |     8 |       |       ||     8
         Punch             |     1 |     2 |       ||     3
         Whip              |       |    56 |    68 ||   124
         Tailslap          |       |       |     1 ||     1
   Fire: Sling             |       |    11 |       ||    11
   Cast: Summon Small Mamm |    41 |    24 |       ||    65
         Call Imp          |    13 |    13 |     5 ||    31
         Call Canine Famil |       |    11 |    22 ||    33
         Summon Guardian G |       |       |     7 ||     7
    Use: Scroll            |       |       |     9 ||     9
   Stab: Sleeping          |     1 |       |     1 ||     2
         Distracted        |     1 |     1 |     3 ||     5
 Armour: Robe              |    44 |    19 |    26 ||    89
  Dodge: Dodged            |    84 |    55 |    45 ||   184
